 Dungeon Sprint DCSS version 0.21-a0-405-gf2af9a1 (webtiles) character file.

284 Kidiri the Ruffian (level 6, -5/66 HPs)
             Began as a Troll Monk on Nov 1, 2017.
             Slain by a human (12 damage)
             ... in the Dungeon (Sprint III: "The Ten Rune Challenge").
             The game lasted 00:02:46 (318 turns).

Kidiri the Ruffian (Troll Monk)                      Turns: 318, Time: 00:02:47

Health: -5/66      AC:  5    Str: 20    XL:     6   Next: 7%
Magic:  5/5        EV: 12    Int:  6    God:
Gold:   31         SH:  0    Dex: 14    Spells: 5/5 levels left

rFire    . . .     SeeInvis .     - Unarmed
rCold    . . .     Gourm    +   (no shield)
rNeg     . . .     Faith    .   a - +0 robe
rPois    .         Spirit   .   (helmet restricted)
rElec    .         Reflect  .   (no cloak)
rCorr    .         Harm     .   (gloves unavailable)
MR       .....     NoTele   +   (boots unavailable)
Stlth    ++........             (no amulet)
HPRegen  0.61/turn              (no ring)
MPRegen  0.09/turn              (no ring)

@: no status effects
A: unfitting armour, beak, claws 3, blurry vision 1, fast metabolism 3,
gourmand, regeneration 1, shaggy fur 1, tough skin 2
a: no special abilities


You were in the Dungeon.
You were not hungry.

You visited 1 branch You collected 31 gold pieces.

Inventory:

Armour
 a - a +0 robe (worn)
Scrolls
 h - a scroll of blinking
 j - a scroll of holy word {unknown}
 k - 2 scrolls of identify {unknown}
 l - 2 scrolls of remove curse {unknown}
 o - 2 scrolls of immolation {unknown}
Potions
 c - 2 potions of curing
 e - a potion of haste
 f - 2 potions of magic
 n - 3 potions of flight
Comestibles
 b - 3 bread rations
 m - a royal jelly


   Skills:
 * Level 5.3 Fighting
 + Level 3.3 Throwing
 + Level 3.0 Armour
 * Level 5.3 Dodging
 * Level 3.6 Stealth
 * Level 6.4 Unarmed Combat


You had 5 spell levels left.
You didn't know any spells.

Dungeon Overview and Level Annotations

Branches:
Dungeon (1/1)

Altars:
Okawaru
Trog
Uskayaw
Wu Jian
Beogh


Innate Abilities, Weirdness & Mutations

You are too large for most types of armour.
You have claws for hands.
Your metabolism is lightning-fast.
You like to eat raw meat.
Your natural rate of healing is unusually fast.
You are covered in fur. (AC +1)
You have very tough skin. (AC +2)
You have a beak for a mouth.
Scrolls take you a little longer to read.


Message History

Press < or > to pray at altars.
You feel better. The human hits you!
* * * LOW HITPOINT WARNING * * *
The human barely misses you. The human hits you.
* * * LOW HITPOINT WARNING * * *
Unknown command.
Press < or > to pray at altars.
You claw the human!
You kill the human!
Your Fighting skill increases to level 5!
Your Throwing skill increases to level 3!
Your Armour skill increases to level 3!
Your Dodging skill increases to level 5!
Your Unarmed Combat skill increases to level 6!
You have reached level 6!
Your experience leads to an increase in your attributes!
Increase (S)trength, (I)ntelligence, or (D)exterity?
You feel agile.
You feel stronger. The human hits you!
You die...

▓▓▓▓▓ ▓▓▓ ..♣.♣ ♣.#
##### ...♣♣ ♣.# #__p#
....♣ ♣.# #_@!#
...≈♣♣♣♣♣.###+#'###+##
..≈≈.♣....#..........#
.≈≈≈≈♣.♣♣.'.⌠........#
.≈≈≈≈≈≈...#...######+#
≈≈≈≈≈≈....#.⌠.#
≈≈≈≈≈.....#...#
≈≈≈.......#+###
..........#


You could see a human.

Vanquished Creatures
  A water elemental (D)
  A scorpion (D)
  Jessica (D)
  2 humans (D)
  An ooze (D)
  2 rats (D)
8 creatures vanquished.

Vanquished Creatures (others)
  2 draconian scorchers (D)
  4 hellions (D)
  A yaktaur (D)
  2 plants (D)
9 creatures vanquished.

Grand Total: 17 creatures vanquished

Notes
Turn   | Place    | Note
-------+----------+-------------------------------------------
     0 | D        | Kidiri the Troll Monk began the quest for the Orb.
     0 | D        | Reached XP level 1. HP: 22/22 MP: 0/0
    19 | D        | Noticed Jessica
    23 | D        | Killed Jessica
    23 | D        | Reached skill level 1 in Throwing
    23 | D        | Reached skill level 1 in Armour
    23 | D        | Reached skill level 4 in Unarmed Combat
    23 | D        | Reached XP level 2. HP: 23/31 MP: 1/1
    23 | D        | Reached XP level 3. HP: 27/37 MP: 2/2
    44 | D        | Noticed a scorpion
    56 | D        | Killed a scorpion
    56 | D        | Reached XP level 4. HP: 15/48 MP: 3/3
    76 | D        | Gained mutation: You have supernaturally acute eyesight. (SInv) [potion of mutation]
    76 | D        | Gained mutation: Your spells are a little harder to cast, but a little more powerful. [potion of mutation]
    77 | D        | Lost mutation: You have supernaturally acute eyesight. (SInv) [potion of mutation]
    77 | D        | Lost mutation: Your spells are a little harder to cast, but a little more powerful. [potion of mutation]
    77 | D        | Gained mutation: You have sharp toenails. [potion of mutation]
    77 | D        | Gained mutation: Your system is resistant to poisons. (rPois) [potion of mutation]
    78 | D        | Lost mutation: You have sharp toenails. [potion of mutation]
    78 | D        | Lost mutation: Your system is resistant to poisons. (rPois) [potion of mutation]
    78 | D        | Gained mutation: Your mind is acute. (Int +2) [potion of mutation]
    78 | D        | Lost mutation: Your mind is acute. (Int +2) [potion of mutation]
    78 | D        | Gained mutation: You possess an exceptional clarity of mind. [potion of mutation]
    79 | D        | Lost mutation: You possess an exceptional clarity of mind. [potion of mutation]
    79 | D        | Gained mutation: Your mind is acute. (Int +2) [potion of mutation]
    79 | D        | Gained mutation: You are weak. (Str -2) [potion of mutation]
    79 | D        | Gained mutation: Your skin changes colour to match your surroundings (Stealth+). [potion of mutation]
    80 | D        | Lost mutation: Your mind is acute. (Int +2) [potion of mutation]
    80 | D        | Lost mutation: You are weak. (Str -2) [potion of mutation]
    80 | D        | Lost mutation: Your skin changes colour to match your surroundings (Stealth+). [potion of mutation]
    80 | D        | Gained mutation: Scrolls take you a little longer to read. [potion of mutation]
    80 | D        | Gained mutation: You have a beak for a mouth. [potion of mutation]
   131 | D        | Killed a yaktaur
   180 | D        | Killed a hellion
   191 | D        | Noticed a water elemental
   195 | D        | Killed a white draconian scorcher
   202 | D        | Killed a water elemental
   202 | D        | Reached skill level 5 in Unarmed Combat
   202 | D        | Reached XP level 5. HP: 48/55 MP: 4/4
   224 | D        | Killed a white draconian scorcher
   229 | D        | Killed a hellion
   267 | D        | Killed a hellion
   271 | D        | Killed a hellion
   307 | D        | Found an ornate altar of the Wu Jian Council.
   307 | D        | Found a roughly hewn altar of Beogh.
   307 | D        | Found an iron altar of Okawaru.
   307 | D        | Found a bloodstained altar of Trog.
   307 | D        | Found a hide-covered altar of Uskayaw.
   307 | D        | Noticed a human
   308 | D        | Noticed a human
   318 | D        | Killed a human
   318 | D        | Reached skill level 5 in Fighting
   318 | D        | Reached skill level 5 in Dodging
   318 | D        | Reached skill level 6 in Unarmed Combat
   318 | D        | Reached XP level 6. HP: 7/66 MP: 5/5
   318 | D        | Slain by a human

Vault maps used:
D:        dungeon_sprint_mu

Skill      XL: |  1  2  3  4  5 |
---------------+----------------+-----
Fighting       | 3 4 5 |  5.3
Throwing       | 1 2 3 |  3.3
Armour         | 1 2 3 |  3.0
Dodging        | 3 4 5 |  5.3
Unarmed Combat | 4 5 6 |  6.4
Stealth        | 2 3 |  3.6

Action                   |  1- 3 |  4- 6 || total
-------------------------+-------+-------++-------
Melee: Unarmed           |    18 |    17 ||    35
       Punch             |     1 |     1 ||     2
       Peck              |       |     6 ||     6
  Use: Potion            |       |     8 ||     8
 Stab: Sleeping          |       |     1 ||     1
  Eat: Chunk             |       |     4 ||     4
Armor: Robe              |     4 |     3 ||     7
Dodge: Dodged            |     7 |    13 ||    20

Table legend:
 A = Spawn XP
 B = Non-spawn XP
 C = Spawn XP percentage of total XP
 D = Spawn monster count
 E = Non-spawn monster count
 F = Spawn count percentage of total count
 G = Total turns spent on level
                    A         B        C        D         E        F      G
               +---------+---------+-------+---------+---------+-------+---------
         Total |       0 |     407 |   0.0 |       0 |       8 |   0.0 |   318
               +---------+---------+-------+---------+---------+-------+---------
             D |       0 |     407 |   0.0 |       0 |       8 |   0.0 |   318
               +---------+---------+-------+---------+---------+-------+---------
